 Dungeon Crawl Stone Soup version 0.9-b1-75-ga92226b character file.

593 vogonpoet the Magician (level 6, -4/35 HPs)
             Began as a High Elf Wizard on Aug 2, 2011.
             Was an Initiate of Sif Muna.
             Slain by Duvessa
             ... wielding a +2,+0 elven short sword
              (10 damage)
             ... on Level 5 of the Dungeon.
             The game lasted 00:37:31 (5143 turns).

vogonpoet the Magician (High Elf Wizard)            Turns: 5143, Time: 00:37:31

HP  -4/35        AC  7     Str  6      XL: 6   Next: 45%
MP   9/20        EV 12     Int 24      God: Sif Muna [......]
Gold 193         SH  0     Dex 14      Spells:  5 memorised,  7 levels left

Res.Fire  : + . .   See Invis. : .   r - -1,+3 orc dagger
Res.Cold  : . . .   Warding    : . . v - +2 robe {rF+}
Life Prot.: . . .   Conserve   : .   (no shield)
Res.Acid. : . . .   Res.Corr.  : .   b - +0 elf wizard hat
Res.Poison: .       Clarity    : .   x - +1 cloak
Res.Elec. : .       Spirit.Shd : .   (no gloves)
Sust.Abil.: . .     Stasis     : .   (no boots)
Res.Mut.  : .       Ctrl.Telep.: .   (no amulet)
Res.Rott. : .       Levitation : .   (no ring)
Saprovore : . . .   Ctrl.Flight: .   p - +1 ring of protection

@: very slightly glowing, slightly resistant to hostile enchantments, fairly
stealthy
A: no striking features
a: Renounce Religion


You were on level 5 of the Dungeon.
You worshipped Sif Muna.
Sif Muna was pleased with you.
You were not hungry.

You visited 2 branches of the dungeon, and saw 6 of its levels.
You visited 1 portal chamber: sewer.

You collected 173 gold pieces.

Inventory:

Hand weapons
 f - a -1,+0 orcish dagger
 n - a +0,+2 orcish hammer
 r - a -1,+3 orcish dagger (weapon)
 y - a +0 blowgun
 A - a -1,+0 orcish flail
Missiles
 g - 25 +0 darts (quivered)
 D - 10 poisoned +0 needles
Armour
 b - a +0 elven wizard hat (worn)
 v - a +2 robe of fire resistance (worn)
 x - a +1 cloak (worn)
 J - a +2 orcish leather armour
Comestibles
 d - a bread ration
 k - an apple
 l - a rotting chunk of worm flesh
 s - a chunk of bat flesh
 E - a meat ration
 H - 2 chunks of quokka flesh
Scrolls
 a - a scroll of blinking {unknown}
 e - a scroll of identify
 h - a scroll of curse armour {unknown}
 i - 3 scrolls of teleportation {unknown}
 w - a scroll of random uselessness {unknown}
 C - a scroll of curse weapon {unknown}
 G - a scroll of amnesia
 I - a scroll of magic mapping {unknown}
Jewellery
 j - a cursed ring of teleportation
 p - a +1 ring of protection (left hand)
 B - an uncursed ring of life protection {unknown}
Potions
 m - 2 potions of speed {unknown}
 o - a potion of cure mutation {unknown}
 q - 5 potions of might {unknown}
 t - 5 potions of heal wounds {unknown}
 u - a potion of healing {unknown}
 z - a potion of invisibility {unknown}
 F - a potion of confusion {unknown}
Books
 c - a book of Minor Magic

   Spells                             Type                      Level
   *Magic Dart                        Conjuration                  1
   *Blink                             Translocation                2
   *Call Imp                          Summoning                    2
   *Repel Missiles                    Charms/Air                   2
   Slow                               Hexes                        2
   Conjure Flame                      Conjuration/Fire             3
   *Mephitic Cloud                    Conjuration/Poison/Air       3


   Skills:
 - Level 1 Short Blades
 - Level 2 Dodging
 - Level 2 Stealth
 - Level 1 Stabbing
 + Level 6 Spellcasting
 + Level 3 Conjurations
 - Level 1 Charms
 + Level 1 Summonings
 + Level 1 Translocations
 + Level 1 Air Magic
 - Level 1 Poison Magic


You had 7 spell levels left.
You knew the following spells:

 Your Spells              Type           Power        Success   Level  Hunger
a - Magic Dart            Conj           ####.        Excellent   1    None
b - Blink                 Tloc           N/A          Great       2    None
c - Call Imp              Summ           ###.......   Great       2    None
d - Repel Missiles        Air/Chrm       ###.......   Great       2    None
e - Mephitic Cloud Pois/Air/Conj ###.......     Very         Good        3    Strawberry

Dungeon Overview and Level Annotations

Branches:
Dungeon (5/27)             Temple (1/1) D:4

Altars:
Makhleb
Okawaru
Sif Muna
Yredelemnul
Zin


Message History

Sparks fly from your hands!
Duvessa hits you with a runed elven short sword.
Grinder comes into view.
Grinder shouts!
A hound zombie comes into view.
Duvessa hits you with a runed elven short sword!
* * * LOW HITPOINT WARNING * * *
Found a stone staircase leading up.
The hound zombie misses you.
A kobold comes into view.
Duvessa hits you with a runed elven short sword.
* * * LOW HITPOINT WARNING * * *
You hear a distant slurping noise.
Duvessa barely misses you. The kobold closely misses you.
Duvessa closely misses you. The kobold hits you but does no damage.
Duvessa gestures with her weapon.
The kobold completely misses you.
Duvessa hits you with a runed elven short sword!
You die...

....#.... ######## ....#...#
#.# #......# ...#_..#### #.#
#......# ...#....[.e #.#
#......# #.##...#### #.#
#......# #.####.# #.#
#......####.####.# #.#
#...<............# #.#
#...@..####.###### #.#
#.#....eK##....# #<#
#........z.....# #.#
###########....# #.#
########### ###.## #.#
#....(....#####.#########
#.###........................
#.>...........####...........
#....########## #..######...


You could see Duvessa, a hound zombie and a kobold.

Vanquished Creatures
  An ice beast (D:4)
  An ogre (D:4)
  A hound (D:4)
  A big fish (Port)
  An iguana (D:4)
  2 snakes (Port)
  2 worms (D:4)
  4 giant geckos
  An ooze (D:1)
  5 orcs
  5 giant cockroaches
  11 goblins
  3 hobgoblins
  8 jackals
  13 kobolds
  A quokka (D:4)
  3 small snakes
  6 bats
  6 giant newts
  7 rats
  A plant (Port)
  A toadstool (Port)
84 creatures vanquished.

Vanquished Creatures (collateral kills)
  An ogre (D:3)
  Jessica (D:2)
  A worm (D:3)
  A giant gecko (D:4)
  An ooze (D:1)
  A bat (D:4)
  4 giant cockroaches
  3 hobgoblins
  A jackal (D:2)
14 creatures vanquished.

Vanquished Creatures (others)
  3 imps (D:4)
  An iron imp (D:4)
  A white imp (D:4)
  2 toadstools (D:1)
7 creatures vanquished.

Grand Total: 105 creatures vanquished

Notes
Turn   | Place    | Note
--------------------------------------------------------------
     0 | D:1      | vogonpoet, the High Elf Wizard, began the quest for the Orb.
     0 | D:1      | Reached XP level 1. HP: 9/9 MP: 7/7
   187 | D:1      | Reached XP level 2. HP: 15/15 MP: 5/9
   203 | D:1      | Learned a level 2 spell: Blink
   206 | D:1      | Learned a level 2 spell: Call Imp
   209 | D:1      | Learned a level 2 spell: Repel Missiles
   525 | D:1      | Reached skill level 5 in Spellcasting
  1288 | D:2      | Reached skill level 1 in Summonings
  1288 | D:2      | Reached XP level 3. HP: 19/19 MP: 12/12
  1333 | D:2      | Learned a level 3 spell: Mephitic Cloud
  1398 | D:2      | Found a burning altar of Makhleb.
  1645 | D:2      | Noticed Jessica
  1659 | D:2      | Defeated Jessica
  2570 | D:3      | Reached skill level 1 in Charms
  2570 | D:3      | Reached skill level 1 in Air Magic
  2570 | D:3      | Reached XP level 4. HP: 25/25 MP: 4/16
  2768 | D:3      | Found a deep blue altar of Sif Muna.
  2771 | D:3      | Became a worshipper of Sif Muna the Loreminder
  3414 | D:4      | Reached skill level 1 in Stabbing
  3474 | D:4      | Reached XP level 5. HP: 29/29 MP: 2/18
  3684 | D:4      | Found a glowing drain. 3707
                  | sewer
                  | Entered the sewers 4027
                  | sewer
                  | Reached skill level 6 in Spellcasting 4293
                  | sewer
                  | Reached skill level 1 in Short Blades
  4573 | D:4      | Reached XP level 6. HP: 32/35 MP: 5/20
  4808 | D:4      | Found a basalt altar of Yredelemnul.
  4853 | D:4      | Found a staircase to the Ecumenical Temple.
  4859 | Temple   | Entered the Ecumenical Temple
  5023 | D:5      | Entered Level 5 of the Dungeon
  5054 | D:5      | Reached skill level 1 in Poison Magic
  5091 | D:5      | Noticed Ijyb
  5094 | D:5      | Noticed Blork the orc
  5122 | D:5      | Noticed Duvessa
  5122 | D:5      | Noticed Dowan
  5123 | D:5      | Found a glowing silver altar of Zin.
  5134 | D:5      | Noticed Grinder
  5143 | D:5      | Slain by Duvessa
